 Dungeon Crawl Stone Soup version 0.26-a0-642-g67e99244d3 (webtiles) character file.

Game seed: 842338038169789876

539 Gargoyl the Skirmisher (level 7, -1/60 HPs)
             Began as a Gnoll Abyssal Knight on Sept 21, 2020.
             Was a Priest of Lugonu.
             Succumbed to a gnoll's poison
             ... on level 3 of the Dungeon.
             The game lasted 00:07:16 (4337 turns).

Gargoyl the Skirmisher (Gnoll Abyssal Knight)       Turns: 4337, Time: 00:07:16

Health: -1/60      AC: 13    Str: 14 (16) XL:     7   Next: 26%
Magic:  10/11      EV:  3    Int: 12 (14) God:    Lugonu [***...]
Gold:   211        SH:  0    Dex: 12 (15) Spells: 10/10 levels left

rFire    . . .     SeeInvis .   i - +3 whip
rCold    . . .     Faith    .   (no shield)
rNeg     . . .     Spirit   .   c - +1 plate armour
rPois    .         Reflect  .   b - +2 hat
rElec    .         Harm     .   (no cloak)
rCorr    .         Rampage  .   (no gloves)
MR       .....                  (no boots)
Stlth    ..........             (no amulet)
HPRegen  0.20/turn              (no ring)
MPRegen  0.12/turn              (no ring)

@: lethally poisoned (-1 -> -12), very heavily drained
A: distributed training, fangs 1, strong nose
a: Depart the Abyss, Bend Space, Banish, Renounce Religion


You were on level 3 of the Dungeon.
You worshipped Lugonu.
Lugonu was most pleased with you.
You visited 1 branch of the dungeon, and saw 4 of its levels.
You visited the Abyss 1 time.
You also visited: Sewer.

You collected 211 gold pieces.

Inventory:

Hand Weapons
 a - a +1 hand axe
 e - a +0 broad axe
 i - a +3 whip (weapon)
 r - a +0 short sword of draining
Missiles
 f - 37 poisoned darts (quivered)
Armour
 b - a +2 hat (worn)
 c - a +1 plate armour (worn)
Jewellery
 h - an uncursed ring of positive energy {unknown}
Scrolls
 j - 2 scrolls of fog {unknown}
 k - 3 scrolls of blinking {unknown}
 l - a scroll of immolation {unknown}
 m - 3 scrolls of identify
 n - 2 scrolls of magic mapping {unknown}
 p - a scroll of teleportation {unknown}
 q - a scroll of fear {unknown}
Potions
 d - 2 potions of magic
 o - 2 potions of degeneration


   Skills:
 + Level 7.0(3.5) Fighting
 + Level 2.3(0.0) Short Blades
 + Level 2.3(0.0) Long Blades
 + Level 5.2(1.8) Axes
 + Level 2.3(0.0) Maces & Flails
 + Level 2.3(0.0) Polearms
 + Level 2.3(0.0) Staves
 + Level 2.3(0.0) Slings
 + Level 2.3(0.0) Bows
 + Level 2.3(0.0) Crossbows
 + Level 2.3(0.0) Throwing
 + Level 5.2(1.8) Armour
 + Level 3.5(0.3) Dodging
 + Level 2.3(0.0) Stealth
 + Level 2.3(0.0) Shields
 + Level 2.3(0.0) Unarmed Combat
 + Level 2.3(0.0) Spellcasting
 + Level 1.9(0.0) Conjurations
 + Level 1.9(0.0) Hexes
 + Level 1.9(0.0) Summonings
 + Level 1.9(0.0) Necromancy
 + Level 1.9(0.0) Translocations
 + Level 1.9(0.0) Transmutations
 + Level 1.9(0.0) Fire Magic
 + Level 1.9(0.0) Ice Magic
 + Level 1.9(0.0) Air Magic
 + Level 1.9(0.0) Earth Magic
 + Level 1.9(0.0) Poison Magic
 + Level 5.3(2.0) Invocations
 + Level 2.3(0.0) Evocations


You had 10 spell levels left.
You didn't know any spells.
Your spell library was empty.

Dungeon Overview and Level Annotations

Branches:
Dungeon (4/15)              Sewer (visited)
 Temple: D:4-7

Altars:
Qazlal


Innate Abilities, Weirdness & Mutations

Your experience applies equally to all skills.
You have very sharp teeth.
Your uncanny sense of smell can sniff out nearby items.


Message History

* * * LOW HITPOINT WARNING * * *
You feel sick. The gnoll barely misses you.
You whack the gnoll! You bite the gnoll, but do no damage.
The gnoll is almost dead.
* * * LOW HITPOINT WARNING * * *
You feel sick. The gnoll hits you.
* * * LOW HITPOINT WARNING * * *
Unknown command.
Okay, then.
You closely miss the gnoll.
The gnoll is almost dead.
* * * LOW HITPOINT WARNING * * *
You feel sick. The gnoll barely misses you.
The gnoll hits you but does no damage.
You hit the gnoll.
You kill the gnoll!
Lugonu accepts your kill.
* * * LOW HITPOINT WARNING * * *
You feel sick.
You die...

##.#.###########.##.#.# #.#
...............#.##.#.# #.#
##.#######.###.#.##.#.# #.#
#.#.....#.# #.#.##.#.# #.#####
#.#.....#.###.#[##.#.# #......
##.#..#......#.#[##.#.# #..####
...............[>##.#.#####..#..<
##(.......#..#.#)##.#.#..........
..#####.#.#..#[#@##.#.#.########.
..# #.#.##.#.#.##.#.#(....)...(
..# #.#.##.#.#....#.#(.########
..#####.#.##........#.#..###.##.#
#.......#.##..##.#....#..#......#
..#######.##...#.#.......#.#....#
..#..........#.#.....#...#.#.....
..#.#####.#..#...#..##...#.######
....# #.#..............#.#


There were no monsters in sight!

Vanquished Creatures
  Sigmund (D:2)
  A phantom (D:4)
  A gnoll shaman (D:3)
  An orc wizard (D:3)
  A worker ant (D:4)
  3 gnolls (D:3)
  8 adders
  4 worms
  4 leopard geckos
  9 orcs
  4 ball pythons (Sewer)
  5 giant cockroaches (D:3)
  2 goblins (D:1)
  9 hobgoblins
  12 jackals
  A quokka (D:4)
  6 bats
  6 frilled lizards
  11 kobolds
  10 rats
99 creatures vanquished.

Vanquished Creatures (others)
  13 plants (Sewer)
13 creatures vanquished.

Grand Total: 112 creatures vanquished

Notes
Turn   | Place    | Note
-------+----------+-------------------------------------------
     0 | Abyss:1  | Gargoyl the Gnoll Abyssal Knight began the quest for the
                  | Orb.
     0 | Abyss:1  | Reached XP level 1. HP: 23/23 MP: 3/3
    21 | Abyss:1  | Found a corrupted altar of Lugonu.
    37 | Abyss:1  | Noticed a death knight
    93 | Abyss:4  | Noticed a thrashing horror
    94 | Abyss:4  | Noticed a thrashing horror
    98 | D:1      | Escaped the Abyss
   280 | D:1      | Reached * piety under Lugonu
   438 | D:1      | Reached XP level 2. HP: 29/29 MP: 5/5
  1050 | D:2      | Reached XP level 3. HP: 35/35 MP: 6/6
  1347 | D:2      | Found a stormy altar of Qazlal.
  1454 | D:2      | Noticed Sigmund
  1466 | D:2      | Killed Sigmund
  1466 | D:2      | Reached skill level 1 in Short Blades
  1466 | D:2      | Reached skill level 1 in Long Blades
  1466 | D:2      | Reached skill level 1 in Maces & Flails
  1466 | D:2      | Reached skill level 1 in Polearms
  1466 | D:2      | Reached skill level 1 in Staves
  1466 | D:2      | Reached skill level 1 in Slings
  1466 | D:2      | Reached skill level 1 in Bows
  1466 | D:2      | Reached skill level 1 in Crossbows
  1466 | D:2      | Reached skill level 1 in Throwing
  1466 | D:2      | Reached skill level 1 in Stealth
  1466 | D:2      | Reached skill level 1 in Shields
  1466 | D:2      | Reached skill level 1 in Unarmed Combat
  1466 | D:2      | Reached skill level 1 in Spellcasting
  1466 | D:2      | Reached skill level 1 in Conjurations
  1466 | D:2      | Reached skill level 1 in Hexes
  1466 | D:2      | Reached skill level 1 in Summonings
  1466 | D:2      | Reached skill level 1 in Necromancy
  1466 | D:2      | Reached skill level 1 in Translocations
  1466 | D:2      | Reached skill level 1 in Transmutations
  1466 | D:2      | Reached skill level 1 in Fire Magic
  1466 | D:2      | Reached skill level 1 in Ice Magic
  1466 | D:2      | Reached skill level 1 in Air Magic
  1466 | D:2      | Reached skill level 1 in Earth Magic
  1466 | D:2      | Reached skill level 1 in Poison Magic
  1466 | D:2      | Reached skill level 1 in Evocations
  1466 | D:2      | Reached XP level 4. HP: 36/41 MP: 7/7
  1466 | D:2      | Reached XP level 5. HP: 42/47 MP: 8/8
  1510 | D:2      | Reached skill level 5 in Invocations
  1908 | D:3      | Reached XP level 6. HP: 53/53 MP: 9/9
  1996 | D:3      | Reached ** piety under Lugonu
  2331 | D:3      | Found a glowing drain.
  2355 | Sewer    | Entered a sewer
  3020 | D:3      | Reached skill level 5 in Axes
  3020 | D:3      | Reached skill level 5 in Armour
  3453 | D:4      | Reached *** piety under Lugonu
  3673 | D:4      | Noticed a phantom
  3810 | D:4      | Killed a phantom
  3810 | D:4      | Reached XP level 7. HP: 19/59 MP: 10/10
  4068 | D:3      | Reached skill level 7 in Fighting
  4334 | D:3      | HP: 3/60 [gnoll (3)]
  4335 | D:3      | HP: 1/60 [poisoned by a gnoll]
  4337 | D:3      | Succumbed to a gnoll's poison

Illustrated notes

Levels and vault maps discovered:
D:1:      dpeg_arrival_arbitrary_b, layout_basic
D:2:      layout_rooms, grunt_qazlal_sundering, uniq_sigmund
D:3:      layout_basic, cheibrodos_sewer_entry_bend
D:4:      layout_loops_cross, lemuel_doored_altar

Skill      XL: |  1  2  3  4  5  6  7 |
---------------+----------------------+-----
Short Blades   | 1 2 |  2.3
Long Blades    | 1 2 |  2.3
Maces & Flails | 1 2 |  2.3
Polearms       | 1 2 |  2.3
Staves         | 1 2 |  2.3
Slings         | 1 2 |  2.3
Bows           | 1 2 |  2.3
Crossbows      | 1 2 |  2.3
Throwing       | 1 2 |  2.3
Dodging        | 3 |  3.5
Stealth        | 1 2 |  2.3
Shields        | 1 2 |  2.3
Unarmed Combat | 1 2 |  2.3
Spellcasting   | 1 2 |  2.3
Conjurations   | 1 |  1.9
Hexes          | 1 |  1.9
Summonings     | 1 |  1.9
Necromancy     | 1 |  1.9
Translocations | 1 |  1.9
Transmutations | 1 |  1.9
Fire Magic     | 1 |  1.9
Ice Magic      | 1 |  1.9
Air Magic      | 1 |  1.9
Earth Magic    | 1 |  1.9
Poison Magic   | 1 |  1.9
Evocations     | 1 2 |  2.3
Invocations    | 5 |  5.3
Axes           | 5 |  5.2
Armour         | 5 |  5.2
Fighting       | 7 |  7.0

Action                   |  1- 3 |  4- 6 |  7- 9 || total
-------------------------+-------+-------+-------++-------
Melee: Hand axe          |    50 |       |       ||    50
       Bite              |     7 |    35 |     9 ||    51
       Broad axe         |    17 |   127 |       ||   144
       Short sword       |       |    93 |       ||    93
       Whip              |       |    74 |    41 ||   115
       Punch             |       |     1 |       ||     1
Throw: Dart              |     7 |    17 |       ||    24
Invok: Depart the Abyss  |     1 |       |       ||     1
  Use: Potion            |     1 |     1 |     4 ||     6
       Scroll            |     2 |       |       ||     2
Armor: Plate armour      |    64 |   249 |    39 ||   352
Dodge: Dodged            |    24 |    89 |    15 ||   128

Table legend: (Time is in decaauts)
 A = Elapsed time spent in this place.
 B = Non-inter-level travel time spent in this place.
 C = Inter-level travel time spent in this place.
 D = Time resting spent in this place.
 E = Time spent auto-exploring this place.
 F = Levels seen in this place.
 G = Mean time per level.
                   A        B        C        D        E       F      G
               +--------+--------+--------+--------+--------+-----+--------+
         Total |   4526 |   4436 |     90 |    864 |   2446 |   9 |  502.9 |
       Dungeon |   3678 |   3588 |     90 |    864 |   1859 |   4 |  919.5 |
         Abyss |     97 |     97 |      0 |      0 |     38 |   4 |   24.2 |
         Sewer |    750 |    750 |      0 |      0 |    548 |   1 |  750.0 |
               +--------+--------+--------+--------+--------+-----+--------+

Top non-repeatable levels by time:
     D:3: 1451 daAuts
     D:1: 942 daAuts
     D:2: 786 daAuts
   Sewer: 750 daAuts
     D:4: 497 daAuts
 Abyss:1: 47 daAuts
 Abyss:3: 31 daAuts
 Abyss:2: 9 daAuts
 Abyss:4: 8 daAuts
